 Dungeon Crawl Stone Soup version 0.30.0-20-g3615ddf2f0 (webtiles) character file.

Game seed: 6064868607992976200

12545 qw the Cleaver (level 11, -2/71 HPs)
             Began as a Gargoyle Fighter on June 1, 2023.
             Was an Elder of Okawaru.
             Slain by a skeletal warrior
             ... wielding a +0 glaive
              (6 damage)
             ... on level 11 of the Dungeon.
             The game lasted 00:04:32 (9456 turns).

qw the Cleaver (Gargoyle Fighter)                   Turns: 9456, Time: 00:04:33

Health: -2/71      AC: 29    Str: 29    XL:     11   Next: 95%
Magic:  14/15      EV:  9    Int:  9    God:    Okawaru [****..]
Gold:   508        SH:  6    Dex:  7    Spells: 10/10 levels left

rFire   + . .        q - +1 war axe (vamp)
rCold   + . .        t - +1 buckler of Cloud Cover {rC++ Str+5 Dex-2 Slay+3}
rNeg    + . .        u - +0 plate armour
rPois   inf          h - +1 hat
rElec   +            w - +0 cloak
rCorr   .            k - +0 pair of gloves
SInv    .            s - +0 pair of boots
Will    .....        v - amulet of faith Stlth
                     e - ring of fire
HPRegen 0.31/turn    (no ring)
MPRegen 0.14/turn

%: faith
@: about to teleport, heroic
A: sickness immunity, AC +8, negative energy resistance 1, electricity
resistance, torment resistance 1, petrification resistance, horns 1, low MP 1
a: Renounce Religion, Heroism, Finesse


You were on level 11 of the Dungeon.
You worshipped Okawaru.
Okawaru was greatly pleased with you.
You visited 2 branches of the dungeon, and saw 12 of its levels.

You collected 657 gold pieces.
You spent 149 gold pieces at shops.


Innate Abilities, Weirdness & Mutations

You are immune to sickness and miasma.
Your stone body is resilient. (AC +8)
You are immune to poison.
You resist negative energy. (rN+)
You are resistant to electric shocks. (rElec)
You are resistant to unholy torment.
You are immune to petrification.
You have a pair of small horns on your head.
Your magical capacity is low. (-10% MP)


   Skills:
 - Level 9.0(14.0) Fighting
 + Level 11.9(16.9) Axes
 - Level 2.5(7.5) Throwing
 - Level 8.0(13.0) Armour
 - Level 1.2(6.2) Dodging
 - Level 5.0(10.0) Shields
 + Level 8.8 Invocations


You had 10 spell levels left.
You didn't know any spells.
Your spell library was empty.

Inventory:

Hand Weapons
 q - a +1 vampiric war axe (weapon)
 Y - a +0 war axe of flaming
Missiles
 b - 3 silver boomerangs (quivered)
 g - 16 boomerangs
Armour
 h - a +1 hat (worn)
 k - a +0 pair of gloves (worn)
 s - a +0 pair of boots (worn)
 t - the +1 buckler of Cloud Cover (worn) {rC++ Str+5 Dex-2 Slay+3}
   (Okawaru gifted it to you on level 11 of the Dungeon)

   Str:       It affects your strength (+5).
   Dex:       It affects your dexterity (-2).
   Slay:      It affects your accuracy & damage with ranged weapons and melee
   (+3).
   rC:        It greatly protects you from cold.
 u - a +0 plate armour (worn)
 w - a +0 cloak (worn)
Jewellery
 e - a ring of fire (left hand)
 v - an amulet of faith (around neck)
Scrolls
 n - 7 scrolls of identify
 p - a scroll of teleportation
Potions
 a - a potion of magic
 d - a potion of might
 f - 3 potions of curing
 j - a potion of lignification
 l - 4 potions of haste
 m - 6 potions of mutation
 o - a potion of cancellation
 r - a potion of attraction

Dungeon Overview and Level Annotations

Branches:
Dungeon (11/15)            Temple (1/1) D:5            Lair (0/5) D:11
    Orc: D:9-12

Altars:
Ashenzari
Cheibriados
Dithmenos
Elyvilon
Fedhas
Gozag
Hepliaklqana
Kikubaaqudgha
Makhleb
Nemelex Xobeh
Okawaru
Qazlal
Ru
Sif Muna
Trog
Uskayaw
Vehumet
Wu Jian
Xom
Yredelemnul
Zin
The Shining One
Jiyva

Shops:
D:4 *

Annotations:
D:9 2 transporters


Message History

The skeletal warrior hits you from afar with a +0 glaive!
The skeletal warrior barely misses you.
You closely miss the skeletal warrior.
You headbutt the skeletal warrior, but do no damage.
The skeletal warrior is severely damaged.
You slash the skeletal warrior! You headbutt the skeletal warrior!
The skeletal warrior is almost destroyed.
The skeletal warrior hits you from afar with a +0 glaive.
The skeletal warrior hits you with a +0 scimitar!
You hit the skeletal warrior but do no damage.
You headbutt the skeletal warrior, but do no damage.
The skeletal warrior is almost destroyed.
You closely miss the skeletal warrior.
You block the skeletal warrior's attack.
The skeletal warrior hits you with a +0 hand axe of freezing.
The skeletal warrior freezes you.
You block the skeletal warrior's attack.
The skeletal warrior barely misses you.
You slash the skeletal warrior!
You destroy the skeletal warrior!
Okawaru is honoured by your kill.
You barely miss the skeletal warrior. You barely miss the skeletal warrior.
You block the skeletal warrior's attack.
The skeletal warrior hits you with a +0 hand axe of freezing!
The skeletal warrior freezes you.
The skeletal warrior hits you but does no damage.
You barely miss the skeletal warrior.
You headbutt the skeletal warrior, but do no damage.
The skeletal warrior hits you from afar with a +0 trident.
The skeletal warrior hits you with a +0 hand axe of freezing!
The skeletal warrior freezes you.
The skeletal warrior hits you but does no damage.
9456 ||| READING 2 scrolls of teleportation.
As you read the scroll of teleportation, it crumbles to dust.
You feel strangely unstable.
The skeletal warrior hits you but does no damage.
You block the skeletal warrior's attack.
The skeletal warrior hits you from afar with a +0 glaive.
You die...

........#.# #.......#####
#.<.....# #.##### .
##.....#####....###### .#
##..........###..>...### ...
#..............<.......######...#
#.......##....)#######.........#
#.......#####.................###
##.....######.(.@####............
................z)z..............
..##..............z..............
.###############..###............
...........9%###..# #............
...........).z................#..
.............#................. .
...##.###.####.................#
...## # #.## #......z..........


You could see 3 skeletal warriors.

Vanquished Creatures
  3 two-headed ogres
  2 skeletal warriors (D:11)
  A cyclops (D:11)
  Maggie (D:7)
  3 trolls
  A hornet (D:9)
  A shadow (D:9)
  4 wraiths
  Sigmund (D:6)
  14 yaks
  2 wyverns
  4 steam dragons
  2 acid dragons
  5 water moccasins
  5 orc warriors
  4 ice beasts
  A sky beast (D:7)
  2 black bears (D:4)
  An ogre (D:5)
  8 centaurs
  2 kobold brigands
  6 bullfrogs
  A gnoll sergeant (D:9)
  3 scorpions
  9 killer bees (D:9)
  3 howler monkeys
  5 hounds
  3 jellies
  5 orc priests
  A sleepcap (D:5)
  A gnoll bouda (D:6)
  3 orc wizards
  9 gnolls
  6 adders
  2 white imps
  An ufetubus (D:5)
  A worm (D:8)
  A dart slug (D:4)
  29 orcs
  3 ball pythons
  3 bats
  An endoplasm (D:4)
  4 giant cockroaches
  5 goblins
  2 hobgoblins (D:1)
  2 jackals (D:1)
  10 kobolds
  A quokka (D:3)
  3 frilled lizards
190 creatures vanquished.

Notes
Turn   | Place    | Note
-------+----------+-------------------------------------------
     0 | D:1      | qw the Gargoyle Fighter began the quest for the Orb.
     0 | D:1      | Reached XP level 1. HP: 14/14 MP: 1/1
     0 | D:1      | 0 ||| qw: Version: 0.2-a-102-gdf20003
     0 | D:1      | 0 ||| qw: Game counter: 735
     0 | D:1      | 0 ||| qw: Always use a shield: true
     0 | D:1      | 0 ||| qw: God list: Okawaru
     0 | D:1      | 0 ||| qw: Allow faded altars: false
     0 | D:1      | 0 ||| qw: Do Orc after D:15 true
     0 | D:1      | 0 ||| qw: Do second Lair branch before Depths: true
     0 | D:1      | 0 ||| qw: Lair rune preference: random
     0 | D:1      | 0 ||| qw: Plans: Normal, Zot:1-4, Slime:5, God:TSO, Crypt,
                  | Tomb, Pan, Hells, Abyss, Win
     0 | D:1      | 0 ||| PLANNING D:1-11
    56 | D:1      | Reached skill level 2 in Axes
   114 | D:1      | 114 ||| DROPPING +0 club.
   165 | D:1      | Reached XP level 2. HP: 16/19 MP: 2/2
   584 | D:1      | 584 ||| DROPPING ring of flight.
   585 | D:1      | 585 ||| READING scroll labelled XERGHE YRAANA.
   586 | D:1      | 586 ||| READING scroll labelled HAEXIE LOZXAOX.
   587 | D:1      | 587 ||| READING scroll labelled USIULEJEUSK.
   588 | D:1      | 588 ||| READING scroll labelled RUZOIC GIWK.
   634 | D:2      | 634 ||| Stepping ~*~*~tactically~*~*~ (stealth).
   635 | D:2      | 635 ||| Stepping ~*~*~tactically~*~*~ (stealth).
   637 | D:2      | 637 ||| Stepping ~*~*~tactically~*~*~ (stealth).
   800 | D:2      | Reached skill level 3 in Axes
   805 | D:2      | HP: 2/19 [orc priest/+0 morningstar (9)]
   808 | D:2      | Reached XP level 3. HP: 2/23 MP: 3/3
   905 | D:2      | 905 ||| DROPPING +0 flail.
   906 | D:2      | 906 ||| DROPPING +0 mace.
  1096 | D:2      | Reached XP level 4. HP: 25/28 MP: 4/4
  1304 | D:2      | Reached skill level 4 in Axes
  1330 | D:2      | 1330 ||| Stepping ~*~*~tactically~*~*~ (hiding).
  1331 | D:2      | 1331 ||| Stepping ~*~*~tactically~*~*~ (hiding).
  1482 | D:2      | 1482 ||| UPGRADING to +0 pair of gloves.
  1487 | D:2      | 1487 ||| READING scroll labelled HEXIBR XIURRUSCHE.
  1488 | D:2      | 1488 ||| READING scroll labelled ICECYECLEPP.
  1631 | D:3      | Found a radiant altar of Vehumet.
  1773 | D:3      | Reached XP level 5. HP: 31/32 MP: 5/5
  2363 | D:3      | 2363 ||| READING scroll labelled ZAMEXYL PEXI.
  2364 | D:3      | 2364 ||| DROPPING +0 morningstar.
  2365 | D:3      | 2365 ||| READING 2 scrolls labelled FEHAOT GEWKO.
  2506 | D:4      | 2506 ||| Stepping ~*~*~tactically~*~*~ (stealth).
  2507 | D:4      | 2507 ||| Stepping ~*~*~tactically~*~*~ (stealth).
  2511 | D:4      | 2511 ||| Stepping ~*~*~tactically~*~*~ (stealth).
  2512 | D:4      | 2512 ||| Stepping ~*~*~tactically~*~*~ (stealth).
  2514 | D:4      | Found Vuihatz's Assorted Antiques.
  2517 | D:4      | 2517 ||| BUYING 2 fizzy pink potions (39 gold).
  2517 | D:4      | Bought 2 fizzy pink potions for 39 gold pieces
  2517 | D:4      | 2517 ||| BUYING glowing ruby amulet (110 gold).
  2517 | D:4      | Bought a glowing ruby amulet for 110 gold pieces
  2517 | D:4      | 2517 ||| SHOPLISTING silver ring (110 gold, have 1).
  2520 | D:4      | 2520 ||| Stepping ~*~*~tactically~*~*~ (stealth).
  2521 | D:4      | 2521 ||| Stepping ~*~*~tactically~*~*~ (stealth).
  2568 | D:4      | Noticed a black bear
  2578 | D:4      | Killed a black bear
  2579 | D:4      | Reached XP level 6. HP: 31/37 MP: 6/6
  3048 | D:4      | Identified the +1 leather armour "Bosk" {Drain rPois
                  | Stlth+}
  3062 | D:4      | 3062 ||| DROPPING +1 leather armour "Bosk" {Drain rPois
                  | Stlth+}.
  3063 | D:4      | 3063 ||| DROPPING amulet of magic regeneration.
  3064 | D:4      | 3064 ||| UPGRADING to amulet of faith.
  3069 | D:4      | 3069 ||| READING scroll labelled NEASTR PUYDOESA.
  3070 | D:4      | 3070 ||| READING 2 scrolls labelled NAKYKL CELOT.
  3071 | D:4      | 3071 ||| READING scroll labelled XERGHAO EMUJ.
  3072 | D:4      | 3072 ||| READING scroll labelled JEBAMAARUI.
  3073 | D:4      | 3073 ||| DRINKING 2 amethyst potions.
  3073 | D:4      | Gained mutation: Your magical capacity is low. (-10% MP)
                  | [potion of mutation]
  3073 | D:4      | Gained mutation: You have a pair of small horns on your
                  | head. [potion of mutation]
  3074 | D:4      | 3074 ||| DRINKING 4 fizzy pink potions.
  3075 | D:4      | 3075 ||| DROPPING 3 potions of flight.
  3076 | D:4      | 3076 ||| DROPPING scroll of fear.
  3095 | D:5      | Entered Level 5 of the Dungeon
  3095 | D:5      | Noticed a black bear
  3101 | D:5      | 3101 ||| STAIRDANCE
  3105 | D:4      | Killed a black bear
  3106 | D:4      | Reached skill level 5 in Axes
  3157 | D:5      | Noticed a water moccasin
  3164 | D:5      | Killed a water moccasin
  3165 | D:5      | Reached XP level 7. HP: 35/44 MP: 6/6
  3244 | D:5      | Found a staircase to the Ecumenical Temple.
  3245 | D:5      | 3245 ||| PLANNING TEMPLE
  3245 | D:5      | 3245 ||| READING 2 scrolls of identify.
  3245 | D:5      | 3245 ||| IDENTIFYING orange potion
  3254 | Temple   | Entered the Ecumenical Temple
  3329 | Temple   | 3329 ||| PLANNING OKAWARU WORSHIP
  3643 | Temple   | Became a worshipper of Warmaster Okawaru
  3643 | Temple   | 3643 ||| PLANNING D:1-11
  3691 | D:5      | Found a glowing silver altar of Zin.
  3706 | D:5      | Reached skill level 1 in Dodging
  3803 | D:5      | Reached skill level 6 in Axes
  3832 | D:5      | 3832 ||| Stepping ~*~*~tactically~*~*~ (stealth).
  3839 | D:5      | Reached * piety under Okawaru
  3846 | D:5      | 3846 ||| Stepping ~*~*~tactically~*~*~ (stealth).
  3847 | D:5      | 3847 ||| Stepping ~*~*~tactically~*~*~ (stealth).
  3884 | D:5      | Identified the +4 short sword of the Gloaming {venom, rElec
                  | rF+ Str-2}
  3948 | D:5      | 3948 ||| INVOKING Heroism.
  4133 | D:5      | 4133 ||| READING scroll labelled MEGAESM QUFINK.
  4234 | D:5      | 4234 ||| READING 2 scrolls of identify.
  4234 | D:5      | 4234 ||| IDENTIFYING yellow potion
  4250 | D:6      | Identified the +1 trident "Agyvaulo" {protect, *Slow rPois
                  | Will+ Str+3}
  4305 | D:6      | 4305 ||| INVOKING Heroism.
  4306 | D:6      | 4306 ||| INVOKING Heroism.
  4425 | D:6      | 4425 ||| SWAPPING to +1 vampiric war axe.
  4440 | D:6      | Found a burning altar of Makhleb.
  4449 | D:6      | Reached skill level 7 in Axes
  4449 | D:6      | Reached XP level 8. HP: 48/48 MP: 7/7
  4599 | D:6      | Reached skill level 1 in Invocations
  4695 | D:6      | Noticed Sigmund
  4697 | D:6      | 4697 ||| INVOKING Heroism.
  4705 | D:6      | Killed Sigmund
  4705 | D:6      | Reached ** piety under Okawaru
  4706 | D:6      | Reached skill level 3 in Invocations
  4725 | D:6      | Found a faded altar of an unknown god.
  4726 | D:6      | Found a hazy altar of Hepliaklqana.
  4783 | D:6      | 4783 ||| Stepping ~*~*~tactically~*~*~ (stealth).
  4788 | D:6      | 4788 ||| Stepping ~*~*~tactically~*~*~ (hiding).
  4792 | D:6      | 4792 ||| INVOKING Heroism.
  4880 | D:6      | 4880 ||| INVOKING Heroism.
  4882 | D:6      | Reached skill level 8 in Axes
  5025 | D:6      | 5025 ||| INVOKING Heroism.
  5027 | D:6      | 5027 ||| Stepping ~*~*~tactically~*~*~ (stealth).
  5038 | D:6      | Reached XP level 9. HP: 55/55 MP: 8/10
  5042 | D:6      | Reached skill level 6 in Fighting
  5072 | D:6      | 5072 ||| UPGRADING to +0 chain mail.
  5082 | D:6      | 5082 ||| DROPPING +0 scale mail.
  5083 | D:6      | 5083 ||| UPGRADING to +0 pair of boots.
  5088 | D:6      | 5088 ||| UPGRADING to +0 plate armour.
  5098 | D:6      | 5098 ||| DROPPING +0 chain mail.
  5099 | D:6      | 5099 ||| READING 2 scrolls of identify.
  5099 | D:6      | 5099 ||| IDENTIFYING black potion
  5169 | D:7      | 5169 ||| Stepping ~*~*~tactically~*~*~ (stealth).
  5222 | D:7      | 5222 ||| Stepping ~*~*~tactically~*~*~ (hiding).
  5223 | D:7      | 5223 ||| Stepping ~*~*~tactically~*~*~ (hiding).
  5409 | D:7      | 5409 ||| INVOKING Heroism.
  5475 | D:7      | You fall into a shaft and drop 3 floors!
  5475 | D:10     | Entered Level 10 of the Dungeon
  5549 | D:10     | Found a shadowy altar of Dithmenos.
  5604 | D:10     | 5604 ||| READING 2 scrolls of identify.
  5604 | D:10     | 5604 ||| IDENTIFYING ruby potion
  5642 | D:9      | 5642 ||| INVOKING Heroism.
  5784 | D:8      | 5784 ||| Stepping ~*~*~tactically~*~*~ (stealth).
  5842 | D:8      | Reached skill level 9 in Axes
  5860 | D:8      | 5860 ||| READING 3 scrolls of identify.
  5860 | D:8      | 5860 ||| IDENTIFYING lumpy pink potion
  5861 | D:8      | 5861 ||| READING 2 scrolls of identify.
  5861 | D:8      | 5861 ||| IDENTIFYING golden potion
  5862 | D:8      | 5862 ||| DROPPING potion of degeneration.
  5867 | D:8      | 5867 ||| INVOKING Heroism.
  5943 | D:7      | 5943 ||| Stepping ~*~*~tactically~*~*~ (hiding).
  5948 | D:7      | 5948 ||| INVOKING Heroism.
  5955 | D:7      | Reached skill level 6 in Armour
  5968 | D:7      | 5968 ||| Stepping ~*~*~tactically~*~*~ (stealth).
  5983 | D:7      | 5983 ||| Stepping ~*~*~tactically~*~*~ (stealth).
  5984 | D:7      | 5984 ||| Stepping ~*~*~tactically~*~*~ (stealth).
  5986 | D:7      | 5986 ||| INVOKING Heroism.
  6045 | D:7      | 6045 ||| Stepping ~*~*~tactically~*~*~ (hiding).
  6048 | D:7      | 6048 ||| Stepping ~*~*~tactically~*~*~ (hiding).
  6113 | D:7      | Noticed Maggie
  6121 | D:7      | 6121 ||| INVOKING Heroism.
  6126 | D:7      | Killed Maggie
  6126 | D:7      | Reached *** piety under Okawaru
  6249 | D:7      | Reached XP level 10. HP: 63/63 MP: 11/11
  6531 | D:8      | 6531 ||| Stepping ~*~*~tactically~*~*~ (stealth).
  6532 | D:8      | 6532 ||| Stepping ~*~*~tactically~*~*~ (stealth).
  6615 | D:8      | Found a snail-covered altar of Cheibriados.
  6780 | D:8      | Found a shimmering blue altar of Sif Muna.
  6822 | D:8      | Found a white marble altar of Elyvilon.
  6831 | D:8      | Found a shimmering altar of Xom.
  6841 | D:8      | 6841 ||| Stepping ~*~*~tactically~*~*~ (stealth).
  6842 | D:8      | 6842 ||| Stepping ~*~*~tactically~*~*~ (stealth).
  6844 | D:8      | 6844 ||| INVOKING Heroism.
  6862 | D:8      | 6862 ||| INVOKING Heroism.
  6944 | D:8      | 6944 ||| INVOKING Heroism.
  6956 | D:8      | 6956 ||| Stepping ~*~*~tactically~*~*~ (cloud).
  7156 | D:9      | Found a transporter.
  7156 | D:9      | Found a transporter.
  7160 | D:9      | Found a viscous altar of Jiyva.
  7190 | D:9      | 7190 ||| Stepping ~*~*~tactically~*~*~ (hiding).
  7191 | D:9      | 7191 ||| Stepping ~*~*~tactically~*~*~ (hiding).
  7215 | D:9      | 7215 ||| INVOKING Heroism.
  7229 | D:9      | Reached skill level 10 in Axes
  7274 | D:9      | 7274 ||| Stepping ~*~*~tactically~*~*~ (stealth).
  7275 | D:9      | 7275 ||| Stepping ~*~*~tactically~*~*~ (stealth).
  7276 | D:9      | 7276 ||| Stepping ~*~*~tactically~*~*~ (stealth).
  7284 | D:9      | 7284 ||| Stepping ~*~*~tactically~*~*~ (stealth).
  7303 | D:9      | 7303 ||| INVOKING Heroism.
  7457 | D:9      | Noticed a glowing orange brain
  7538 | D:9      | 7538 ||| INVOKING Heroism.
  7745 | D:9      | 7745 ||| INVOKING Heroism.
  7884 | D:9      | 7884 ||| Stepping ~*~*~tactically~*~*~ (stealth).
  7888 | D:9      | 7888 ||| Stepping ~*~*~tactically~*~*~ (cloud).
  7892 | D:9      | 7892 ||| INVOKING Heroism.
  8090 | D:9      | 8090 ||| DRINKING 2 lumpy brown potions.
  8091 | D:9      | 8091 ||| READING 6 scrolls of identify.
  8091 | D:9      | 8091 ||| IDENTIFYING smoky emerald potion
  8092 | D:9      | 8092 ||| READING 5 scrolls of identify.
  8092 | D:9      | 8092 ||| IDENTIFYING metallic ruby potion
  8093 | D:9      | 8093 ||| DROPPING potion of invisibility.
  8126 | D:9      | 8126 ||| Stepping ~*~*~tactically~*~*~ (stealth).
  8128 | D:9      | 8128 ||| Stepping ~*~*~tactically~*~*~ (hiding).
  8176 | D:10     | 8176 ||| INVOKING Heroism.
  8188 | D:10     | Reached **** piety under Okawaru
  8189 | D:10     | Reached skill level 11 in Axes
  8341 | D:10     | 8341 ||| INVOKING Heroism.
  8347 | D:10     | Reached XP level 11. HP: 69/69 MP: 10/13
  8388 | D:10     | 8388 ||| Stepping ~*~*~tactically~*~*~ (stealth).
  8405 | D:10     | 8405 ||| INVOKING Heroism.
  8412 | D:10     | Reached skill level 9 in Fighting
  8449 | D:10     | Noticed a two-headed ogre
  8450 | D:10     | 8450 ||| INVOKING Heroism.
  8467 | D:10     | Killed a two-headed ogre
  8468 | D:10     | Reached skill level 6 in Invocations
  8487 | D:10     | 8487 ||| Stepping ~*~*~tactically~*~*~ (hiding).
  8488 | D:10     | 8488 ||| Stepping ~*~*~tactically~*~*~ (hiding).
  8489 | D:10     | 8489 ||| Stepping ~*~*~tactically~*~*~ (hiding).
  8610 | D:10     | Noticed a two-headed ogre
  8611 | D:10     | 8611 ||| INVOKING Heroism.
  8617 | D:10     | Killed a two-headed ogre
  8789 | D:10     | 8789 ||| UPGRADING to +1 hat.
  8802 | D:11     | Noticed a cyclops
  8803 | D:11     | 8803 ||| Stepping ~*~*~tactically~*~*~ (hiding).
  8806 | D:11     | 8806 ||| INVOKING Heroism.
  8812 | D:11     | Noticed a skeletal warrior
  8812 | D:11     | Noticed a skeletal warrior
  8812 | D:11     | Noticed a skeletal warrior
  8818 | D:11     | Killed a cyclops
  8826 | D:11     | HP: 16/71 [skeletal warrior/+0 glaive (8)]
  8827 | D:11     | 8827 ||| READING 6 scrolls of teleportation.
  8827 | D:11     | HP: 7/71 [skeletal warrior/+0 trident (9)]
  8828 | D:11     | 8828 ||| DRINKING 2 potions of heal wounds.
  8950 | D:11     | 8950 ||| INVOKING Heroism.
  8954 | D:11     | Noticed a two-headed ogre
  8968 | D:11     | Killed a two-headed ogre
  8968 | D:11     | Reached ***** piety under Okawaru
  8999 | D:11     | Identified the +1 buckler of Cloud Cover {rC++ Str+5 Dex-2
                  | Slay+3} (Okawaru gifted it to you on level 11 of the
                  | Dungeon)
  8999 | D:11     | Received a gift from Okawaru
  9050 | D:11     | Found a staircase to the Lair.
  9068 | D:11     | 9068 ||| Stepping ~*~*~tactically~*~*~ (hiding).
  9070 | D:11     | Noticed a skeletal warrior
  9071 | D:11     | 9071 ||| INVOKING Heroism.
  9087 | D:11     | Killed a skeletal warrior
  9093 | D:11     | HP: 14/71 [gargoyle/+0 mace (7)]
  9094 | D:11     | 9094 ||| READING 5 scrolls of teleportation.
  9095 | D:11     | 9095 ||| DRINKING potion of heal wounds.
  9098 | D:11     | HP: 12/71 [wraith (9)]
  9099 | D:11     | 9099 ||| READING 4 scrolls of teleportation.
  9104 | D:11     | 9104 ||| READING 3 scrolls of teleportation.
  9105 | D:11     | HP: 9/71 [wraith (6)]
  9108 | D:11     | 9108 ||| STAIRDANCE
  9298 | D:10     | 9298 ||| UPGRADING to +1 buckler of Cloud Cover {rC++ Str+5
                  | Dex-2 Slay+3}.
  9308 | D:10     | 9308 ||| DROPPING +0 buckler.
  9309 | D:10     | 9309 ||| UPGRADING to +0 cloak.
  9314 | D:10     | 9314 ||| UPGRADING to ring of fire.
  9409 | D:11     | 9409 ||| Stepping ~*~*~tactically~*~*~ (hiding).
  9411 | D:11     | 9411 ||| Stepping ~*~*~tactically~*~*~ (hiding).
  9412 | D:11     | 9412 ||| Stepping ~*~*~tactically~*~*~ (hiding).
  9415 | D:11     | 9415 ||| INVOKING Heroism.
  9435 | D:11     | Noticed a skeletal warrior
  9436 | D:11     | 9436 ||| Stepping ~*~*~tactically~*~*~ (stealth).
  9437 | D:11     | 9437 ||| Stepping ~*~*~tactically~*~*~ (stealth).
  9444 | D:11     | 9444 ||| INVOKING Heroism.
  9453 | D:11     | Killed a skeletal warrior
  9455 | D:11     | HP: 14/71 [skeletal warrior/+0 trident (5)]
  9455 | D:11     | HP: 6/71 [skeletal warrior/+0 hand axe of freezing (8)]
  9456 | D:11     | 9456 ||| READING 2 scrolls of teleportation.
  9456 | D:11     | Slain by a skeletal warrior

Levels and vault maps discovered:
D:1:      scummos_arrival_simple_fountains, layout_loops_ring
D:2:      layout_loops_corners, minmay_pentomino_q2
D:3:      layout_basic, nicolae_vehumet_altar_sigil
D:4:      layout_loops_ring, serial_shops, nicolae_shop_behind_doors,
          corexii_corridor_pit
D:5:      layout_cave_pools, general_overflow_altar, minmay_temple_entry_slanted
D:6:      layout_rooms, mainiacjoe_overflow_six_doors_small,
          beargit_hepliaklqana_dungeon_heroes, minmay_unpleasant_kobolds
D:7:      layout_loops_ring, uniq_maggie
D:8:      layout_basic, kennysheep_mini, cheibrodos_worm_habitat,
          mainiacjoe_overflow_catwalk_spiral
D:9:      gammafunk_jiyva_shrine, layout_loops_ring, fungi_pond_lemuel
D:10:     kennysheep_blocky_hall, layout_long_grid, mainiacjoe_overflow_24_doors
D:11:     layout_rooms, grunt_lair_entry_orc_guard_hut,
          kennysheep_orc_monster_closet_entryway, kennysheep_diamond
Temple:   compressed_dpeg_triangle_lava_temple

Skill      XL: |  1  2  3  4  5  6  7  8  9 10 11 |
---------------+----------------------------------+-----
Axes           | 2 3 4 5 7 8 9 11 | 11.9
Throwing       | 2 |  2.5
Fighting       | 4 5 7 8 9 |  9.0
Dodging        | 1 |  1.2
Invocations    | 4 8 |  8.8
Armour         | 6 7 8 |  8.0
Shields        | 4 5 |  5.0

Action                     |  1- 3 |  4- 6 |  7- 9 | 10-12 || total
---------------------------+-------+-------+-------+-------++-------
  Melee: War axe           |    56 |    89 |   235 |   382 ||   762
         Headbutt          |       |     2 |    36 |    72 ||   110
  Throw: Boomerang         |       |     4 |    36 |    45 ||    85
         Javelin           |       |    12 |    21 |       ||    33
 Invoke: Heroism           |       |       |    12 |    18 ||    30
    Use: Scroll            |     4 |     8 |     7 |     7 ||    26
         Potion            |       |     2 |       |     3 ||     5
 Armour: Scale mail        |    22 |    70 |    67 |       ||   159
         Plate armour      |       |       |    50 |   295 ||   345
  Dodge: Dodged            |    24 |    48 |    86 |   179 ||   337
  Block: Buckler           |     9 |    20 |    33 |   106 ||   168

Table legend:
 A = Non-vault XP
 B = Vault XP
 C = Vault XP percentage of total XP
 D = Non-vault monster count
 E = Vault monster count
 F = Vault count percentage of total count
                 A         B        C        D         E       F
            +---------+---------+-------+---------+---------+-------
      Total |   15409 |    2513 |  14.0 |     171 |      19 |  10.0
            +---------+---------+-------+---------+---------+-------
        D:1 |      25 |       0 |   0.0 |      14 |       0 |   0.0
        D:2 |     121 |       2 |   1.6 |      13 |       1 |   7.1
        D:3 |      33 |       0 |   0.0 |       6 |       0 |   0.0
        D:4 |     338 |       0 |   0.0 |      11 |       0 |   0.0
        D:5 |     572 |       0 |   0.0 |       9 |       0 |   0.0
        D:6 |     991 |     325 |  24.7 |      22 |       7 |  24.1
        D:7 |    1049 |     424 |  28.8 |      20 |       1 |   4.8
        D:8 |    1099 |       5 |   0.5 |      15 |       1 |   6.2
        D:9 |    3053 |       0 |   0.0 |      26 |       0 |   0.0
       D:10 |    3415 |    1230 |  26.5 |      18 |       4 |  18.2
       D:11 |    4713 |     527 |  10.1 |      17 |       5 |  22.7
            +---------+---------+-------+---------+---------+-------
